 Dungeon Crawl Stone Soup version 0.32-a0-290-g598725c5f2 (webtiles) character file.

Game seed: 14021764408951923593

26 Aldia the Chopper (level 2, -1/25 HPs)
             Began as a Mountain Dwarf Reaver on Feb 13, 2024.
             Slain by a kobold
             ... wielding a +0 club
              (3 damage)
             ... on level 1 of the Dungeon.
             The game lasted 00:01:38 (356 turns).

Aldia the Chopper (Mountain Dwarf Reaver)            Turns: 356, Time: 00:01:38

Health: -1/25      AC:  3    Str: 14    XL:     2   Next: 89%
Magic:  4/4        EV: 11    Int: 13    God:
Gold:   45         SH:  0    Dex:  8    Spells: 1/4 levels left

rFire   . . .        a - +0 hand axe
rCold   . . .        (no shield)
rNeg    . . .        b - +0 leather armour
rPois   .            (no helmet)
rElec   .            (no cloak)
rCorr   .            (no gloves)
SInv    .            (no boots)
Will    .....        (no amulet)
Stlth   +            (no ring)
HPRegen 0.24/turn    (no ring)
MPRegen 0.09/turn

%: no passive effects
@: no status effects
A: runic magic, artefact enchanting
a: no special abilities


You were on level 1 of the Dungeon.
You visited 1 branch of the dungeon, and saw 1 of its levels.

You collected 45 gold pieces.

Inventory:

Hand Weapons
 a - a +0 hand axe (weapon)
Armour
 b - a +0 leather armour (worn)
Scrolls
 c - a scroll of identify {unknown}


   Skills:
 + Level 2.6 Fighting
 * Level 4.4 Axes
 - Level 1.3 Dodging
 - Level 1.7 Spellcasting
 + Level 3.0 Conjurations


You had one spell level left.
You knew the following spells:

 Your Spells              Type           Power      Damage    Failure   Level
a - Kiss of Death         Conj/Necr      20%        2d7       14%         1
b - Momentum Strike       Conj/Tloc      10%        3d8       22%         2

Your spell library contained the following spells:

 Spells                   Type           Power      Damage    Failure   Level
 Hailstorm                Conj/Ice       5%         3d5       41%         3


Dungeon Overview and Level Annotations

Branches:
Dungeon (1/15)

Altars:


Innate Abilities, Weirdness & Mutations

Your spellcasting is much less encumbered by armour.
You can use scrolls of enchantment on lesser artefacts.


Message History

A rat comes into view.
There are monsters nearby!
The rat squeaks loudly.
You hear a shout!
You completely miss the goblin. The goblin hits you with a +0 club.
A kobold comes into view. It is wielding a +0 short sword.
You barely miss the goblin. You barely miss the rat.
The kobold shouts!
The goblin barely misses you. The rat barely misses you.
You closely miss the goblin. You hit the rat.
You kill the rat!
The goblin closely misses you.
A kobold comes into view. It is wielding a +0 club.
You closely miss the goblin. The goblin hits you but does no damage.
You barely miss the goblin. The goblin hits you with a +0 club.
An endoplasm comes into view.
You barely miss the goblin. The goblin hits you with a +0 club.
You barely miss the goblin. The goblin hits you but does no damage.
You miss the goblin. You hit the kobold but do no damage.
The goblin hits you with a +0 club.
The kobold hits you with a +0 short sword.
You barely miss the goblin. You closely miss the kobold.
The goblin hits you with a +0 club.
The kobold hits you with a +0 short sword.
You are too injured to fight recklessly!
You are too injured to fight recklessly!
You are too injured to fight recklessly!
You barely miss the goblin. You hit the kobold. x2
The goblin closely misses you.
The kobold hits you with a +0 short sword.
The kobold barely misses you.
You barely miss the goblin. You closely miss the kobold.
You barely miss the kobold. The goblin hits you but does no damage.
The kobold hits you with a +0 short sword.
* * * LOW HITPOINT WARNING * * *
The kobold hits you but does no damage. The kobold barely misses you. x2
The goblin hits you with a +0 club.
* * * LOW HITPOINT WARNING * * *
You miss the goblin. You closely miss the kobold. x2
The goblin barely misses you. The kobold hits you with a +0 club.
You die...

#.#
.#......###...###)###.#
#.# .#..###.# #...# #.#
#.# #.# .
##...###.###.# #.#
.............# #.#
#...#####....## ... #.
#.....# ... #.#####
#.....# ##.##K#...#
#.....# #...Jg@...#
##...##
......K#...#####.##
##..#####....(...# #.
########.# #.# #.# #.#
#.# ..#


You could see an endoplasm, a goblin and 2 kobolds.

Vanquished Creatures
  A dart slug (D:1)
  An endoplasm (D:1)
  A giant cockroach (D:1)
  3 goblins (D:1)
  A hobgoblin (D:1)
  A kobold (D:1)
  A ball python (D:1)
  A frilled lizard (D:1)
  4 rats (D:1)
14 creatures vanquished.

Notes
Turn   | Place    | Note
-------+----------+-------------------------------------------
     0 | D:1      | Aldia the Mountain Dwarf Reaver began the quest for the
                  | Orb.
     0 | D:1      | Reached XP level 1. HP: 17/17 MP: 3/3
    46 | D:1      | Reached skill level 4 in Axes
    47 | D:1      | Reached XP level 2. HP: 21/25 MP: 4/4
   111 | D:1      | Learned a level 2 spell: Momentum Strike
   356 | D:1      | Slain by a kobold

Illustrated notes

Levels and vault maps discovered:
D:1:      heliophobic_arrival_glass_houses, layout_loops_ring,
          minmay_misc_feat_cross, hangedman_abyss_or_decor_stabs

Skill      XL: |  1  2 |
---------------+-------+-----
Axes           | 4 |  4.4
Conjurations   | 3 |  3.0
Fighting       | |  2.6
Dodging        | |  1.3
Spellcasting   | |  1.7

Action                     || total
---------------------------++-------
  Melee: Hand axe          ||    52
 Armour: Leather armour    ||    36
  Dodge: Dodged            ||    31

Table legend: (Time is in decaauts)
 A = Elapsed time spent in this place.
 B = Non-inter-level travel time spent in this place.
 C = Inter-level travel time spent in this place.
 D = Time resting spent in this place.
 E = Time spent auto-exploring this place.
 F = Levels seen in this place.
 G = Mean time per level.
                   A        B        C        D        E       F      G
               +--------+--------+--------+--------+--------+-----+--------+
         Total |    361 |    361 |      0 |      0 |    262 |   1 |  361.0 |
       Dungeon |    361 |    361 |      0 |      0 |    262 |   1 |  361.0 |
               +--------+--------+--------+--------+--------+-----+--------+

Top non-repeatable levels by time:
     D:1: 361 daAuts
